 Dungeon Sprint DCSS version 0.21.0-24-g2553a33 (webtiles) character file.

935 letownia2 the Grappler (level 7, 0/67 HPs)
             Began as a Troll Wizard on Jan 20, 2018.
             Was an Initiate of Gozag.
             Slain by a polar bear (17 damage)
             ... in the Dungeon (Sprint II: "The Violet Keep of Menkaure").
             The game lasted 00:03:14 (431 turns).

letownia2 the Grappler (Troll Wizard)                Turns: 431, Time: 00:03:15

Health: 0/67       AC:  4    Str: 16    XL:     7   Next: 87%
Magic:  1/12       EV:  9    Int: 14    God:    Gozag
Gold:   972        SH:  0    Dex:  8    Spells: 5/14 levels left

rFire    . . .     SeeInvis .     - Unarmed
rCold    . . .     Gourm    +   (no shield)
rNeg     . . .     Faith    .   a - +0 robe
rPois    .         Spirit   .   b - +0 hat
rElec    .         Reflect  .   (no cloak)
rCorr    .         Harm     .   (gloves unavailable)
MR       .....     NoTele   +   (boots unavailable)
Stlth    +.........             (no amulet)
HPRegen  0.61/turn              (no ring)
MPRegen  0.13/turn              (no ring)

@: slowed, very slow
A: large, unfitting armour, claws 3, deformed body, dopey 1, fast metabolism 3,
gourmand, regeneration 1, shaggy fur 1, tough skin 2, MP-powered wands
a: Potion Petition, Call Merchant, Bribe Branch, Renounce Religion


You were in the Dungeon.
You worshipped Gozag.
Gozag was pleased with you.
You were not hungry.

You visited 1 branch You collected 972 gold pieces.

Inventory:

Armour
 a - a +0 robe (worn)
 b - a +0 hat (worn)
Scrolls
 j - a scroll of blinking
Potions
 e - a potion of curing
 f - a potion of heal wounds
 h - 2 potions of magic
Books
 c - a book of Minor Magic

   Spells                             Type                      Level
   a - Magic Dart                     Conjuration                  1
   b - Blink                          Translocation                2
   c - Call Imp                       Summoning                    2
   d - Slow                           Hexes                        2
   e - Conjure Flame                  Conjuration/Fire             3
   f - Mephitic Cloud                 Conjuration/Poison/Air       3
Comestibles
 d - 2 rations


   Skills:
 - Level 3.1 Fighting
 - Level 1.5 Dodging
 - Level 1.0 Stealth
 * Level 10.7 Unarmed Combat
 + Level 4.0 Spellcasting
 - Level 4.5 Conjurations
   Level 0.6 Summonings
 - Level 2.5 Translocations
 - Level 2.3 Fire Magic
 - Level 4.0 Air Magic
 - Level 4.4 Poison Magic


You had 5 spell levels left.
You knew the following spells:

 Your Spells              Type           Power        Failure   Level  Hunger
a - Magic Dart            Conj           ###.         3%          1    None
b - Blink                 Tloc           N/A          11%         2    ##.....
c - Conjure Flame         Conj/Fire      ##......     14%         3    ###....
e - Mephitic Cloud        Conj/Pois/Air  ###.....     10%         3    ###....


Dungeon Overview and Level Annotations

Branches:
Dungeon (1/1)

Altars:
Cheibriados
Dithmenos
Elyvilon
Fedhas
Gozag
Hepliaklqana
Kikubaaqudgha
Makhleb
Nemelex Xobeh
Okawaru
Qazlal
Ru
Sif Muna
Trog
Uskayaw
Vehumet
Wu Jian
Xom
Yredelemnul
Zin
The Shining One
Beogh
Jiyva
Lugonu

Shops:
D =[(*?%!:!*}


Innate Abilities, Weirdness & Mutations

You are too large for most types of armour.
You have claws for hands.
Your metabolism is lightning-fast.
You like to eat raw meat.
Your natural rate of healing is unusually fast.
You are covered in fur. (AC +1)
You have very tough skin. (AC +2)
Armour fits poorly on your strangely shaped body.
You are dopey. (Int -2)
You expend magic power (3 MP) to strengthen your wands.


Message History

You feel as though you will be slow longer.
The polar bear is engulfed in blazing flames.
The polar bear bites you but does no damage.
The polar bear claws you.
* * * LOW HITPOINT WARNING * * *
The polar bear completely misses you.
The hornet stings you but does no damage.
The polar bear is engulfed in noxious fumes.
The polar bear appears confused.
Unknown command.
Press < or > to pray at altars.
Unknown command.
Press < or > to pray at altars.
You closely miss the hornet.
The hornet is severely wounded.
The hornet barely misses you.
The yaktaur hits the polar bear!
The polar bear is engulfed in blazing flames.
The polar bear bites you!
You die...
Your body crumbles into a pile of gold. ###.##..# $+..# .# ![ $$$$

##.#.#..# #..# .#▓[?[[?
.'##.'..### ^.##h#▓$(!![$
$
###..#....###...##▓▓▓▓▓▓
###.##......≈≈≈≈≈≈≈≈≈≈≈≈
.####≈§.....≈#'########+#
..#≈≈≈≈≈§≈..≈#§c_._...#§≈
.##≈≈≈≈≈≈§§.≈#.hh_._._#§§
##≈≈≈≈≈§≈≈≈≈≈#_y@._._.#t§
$$
≈≈≈≈≈≈≈≈§≈≈≈≈#._(_._._#§≈
$
+++#≈≈≈≈≈≈§§≈#.._._._.#≈≈
$$ §§
##≈≈≈###§§#..._._._#≈≈ $
≈§≈§ #≈§#...._._.#§§ $$
§≈≈§≈+ #§§#....._..#§§
§§≈≈## ≈≈§§##########§§
≈≈≈## ######≈≈≈≈≈≈≈≈§§≈
#### .zz###≈########≈▓


You could see 2 polar bears, a yaktaur (confused), a hornet and a crocodile.

Vanquished Creatures
  2 tyrant leeches (D)
  4 neqoxecs (D)
  A crocodile (D)
  4 worker ants (D)
  3 worms (D)
14 creatures vanquished.

Vanquished Creatures (others)
  Menkaure (D)
  A crocodile (D)
2 creatures vanquished.

Grand Total: 16 creatures vanquished

Notes
Turn   | Place    | Note
-------+----------+-------------------------------------------
     0 | D        | letownia2 the Troll Wizard began the quest for the Orb.
     0 | D        | Reached XP level 1. HP: 16/16 MP: 2/2
    12 | D        | Killed Menkaure
    18 | D        | Reached skill level 1 in Fighting
    18 | D        | Reached skill level 2 in Unarmed Combat
    19 | D        | Killed a crocodile
    23 | D        | Reached skill level 3 in Unarmed Combat
    23 | D        | Reached XP level 2. HP: 28/28 MP: 4/4
    87 | D        | Reached skill level 4 in Unarmed Combat
    87 | D        | Reached XP level 3. HP: 24/37 MP: 5/5
    97 | D        | Learned a level 2 spell: Blink
   101 | D        | Learned a level 3 spell: Mephitic Cloud
   133 | D        | Reached skill level 1 in Conjurations
   133 | D        | Reached skill level 1 in Air Magic
   133 | D        | Reached skill level 1 in Poison Magic
   142 | D        | Reached skill level 5 in Unarmed Combat
   142 | D        | Reached XP level 4. HP: 32/45 MP: 3/6
   208 | D        | Noticed a neqoxec
   209 | D        | Noticed a neqoxec
   218 | D        | Gained mutation: You expend magic power (3 MP) to strengthen your wands. [a neqoxec]
   222 | D        | Killed a neqoxec
   222 | D        | Reached skill level 6 in Unarmed Combat
   222 | D        | Reached XP level 5. HP: 30/53 MP: 7/7
   227 | D        | Killed a neqoxec
   227 | D        | Reached skill level 7 in Unarmed Combat
   227 | D        | Reached XP level 6. HP: 37/61 MP: 8/8
   232 | D        | Learned a level 3 spell: Conjure Flame
   267 | D        | Noticed a neqoxec
   280 | D        | Gained mutation: You are dopey. (Int -2) [a neqoxec]
   281 | D        | Killed a neqoxec
   281 | D        | Reached skill level 1 in Translocations
   281 | D        | Reached skill level 1 in Fire Magic
   285 | D        | Noticed a tyrant leech
   285 | D        | Noticed a tyrant leech
   294 | D        | Killed a tyrant leech
   294 | D        | Reached skill level 9 in Unarmed Combat
   294 | D        | Reached XP level 7. HP: 43/67 MP: 2/10
   302 | D        | Killed a tyrant leech
   302 | D        | Reached skill level 10 in Unarmed Combat
   317 | D        | Noticed a neqoxec
   332 | D        | Gained mutation: Armour fits poorly on your strangely shaped body. [a neqoxec]
   333 | D        | Killed a neqoxec
   354 | D        | Noticed an orange crystal statue
   371 | D        | Found Buiny's Magic Scroll Emporium.
   371 | D        | Found Timuew's Distillery.
   371 | D        | Found Elu Touvoati's Antique Weapon Shoppe.
   371 | D        | Found Tamiu's Distillery.
   371 | D        | Found Huud's General Store.
   371 | D        | Found Tejachix's Gadget Emporium.
   371 | D        | Found Woynkuk's Food Shoppe.
   371 | D        | Found Afulatea's Book Shoppe.
   371 | D        | Found Difrargh's Assorted Antiques.
   372 | D        | Found Suuffeoreicw's Antique Armour Shoppe.
   372 | D        | Found Xesog's Jewellery Emporium.
   372 | D        | Noticed a yak
   374 | D        | Noticed a yak
   393 | D        | Noticed an obsidian statue
   404 | D        | Found an iron altar of Okawaru.
   404 | D        | Found an opulent altar of Gozag.
   405 | D        | Found a sparkling altar of Nemelex Xobeh.
   405 | D        | Found a blossoming altar of Fedhas.
   406 | D        | Found a radiant altar of Vehumet.
   406 | D        | Found a burning altar of Makhleb.
   406 | D        | Found a white marble altar of Elyvilon.
   407 | D        | Found a hide-covered altar of Uskayaw.
   407 | D        | Found a corrupted altar of Lugonu.
   407 | D        | Found a shadowy altar of Dithmenos.
   408 | D        | Found a glowing silver altar of Zin.
   408 | D        | Found a bloodstained altar of Trog.
   408 | D        | Found an ancient bone altar of Kikubaaqudgha.
   409 | D        | Found a basalt altar of Yredelemnul.
   409 | D        | Found a deep blue altar of Sif Muna.
   409 | D        | Found a viscous altar of Jiyva.
   410 | D        | Found a shimmering altar of Xom.
   410 | D        | Found a sacrificial altar of Ru.
   412 | D        | Found a glowing golden altar of the Shining One.
   412 | D        | Found an ornate altar of the Wu Jian Council.
   412 | D        | Found a stormy altar of Qazlal.
   412 | D        | Found a snail-covered altar of Cheibriados.
   412 | D        | Found a hazy altar of Hepliaklqana.
   412 | D        | Noticed a hornet
   412 | D        | Noticed a polar bear
   413 | D        | Found a roughly hewn altar of Beogh.
   413 | D        | Noticed a yaktaur
   414 | D        | Noticed a polar bear
   417 | D        | Became a worshipper of Gozag Ym Sagoz the Greedy
   419 | D        | Noticed a flying skull
   420 | D        | Noticed a flying skull
   420 | D        | Noticed a flying skull
   421 | D        | Noticed a flying skull
   422 | D        | Noticed a flying skull
   431 | D        | Slain by a polar bear

Skill      XL: |  1  2  3  4  5  6  7 |
---------------+----------------------+-----
Fighting       | 1 3 |  3.1
Unarmed Combat | 3 4 5 6 7 9 10 | 10.7
Conjurations   | 2 3 4 |  4.5
Air Magic      | 1 3 4 |  4.0
Poison Magic   | 1 3 4 |  4.4
Translocations | 2 |  2.5
Fire Magic     | 2 |  2.3
Spellcasting   | 4 |  4.0
Dodging        | |  1.5
Stealth        | |  1.0
Summonings     | |  0.6

Action                   |  1- 3 |  4- 6 |  7- 9 || total
-------------------------+-------+-------+-------++-------
Melee: Unarmed           |    26 |    31 |    18 ||    75
       Punch             |       |     2 |       ||     2
 Cast: Conjure Flame     |       |     1 |     1 ||     2
       Mephitic Cloud    |       |       |     3 ||     3
  Use: Potion            |     1 |     1 |       ||     2
 Stab: Confused          |       |       |     1 ||     1
  Eat: Chunk             |     2 |     2 |       ||     4
Armor: Robe              |     2 |     1 |     3 ||     6
Dodge: Dodged            |     3 |    12 |     9 ||    24
